 Dungeon Crawl Stone Soup version 0.26-a0-710-g95a0c6c400 (webtiles) character file.

Game seed: 11335006017353876639

148085 robertstho the Warrior (level 16, 0/157 HPs)
             Began as a Minotaur Berserker on Oct 30, 2020.
             Was a High Priest of Trog.
             Slain by a thorn hunter (1 damage)
             ... on level 4 of the Swamp.
             The game lasted 00:46:14 (27954 turns).

robertstho the Warrior (Minotaur Berserker)        Turns: 27954, Time: 00:46:15

Health: 0/157      AC: 30    Str: 33    XL:     16   Next: 63%
Magic:  0/15       EV:  8    Int:  5    God:    Trog [*****.]
Gold:   1916       SH:  0    Dex: 11    Spells: 15/15 levels left

rFire    + . .     SeeInvis .   W - +7 great mace "Undeadhunter" {disrupt, rN+}
rCold    + . .     Faith    .   (shield currently unavailable)
rNeg     + . .     Spirit   +   z - +3 plate armour {rF+}
rPois    +         Reflect  .   o - +2 hat
rElec    +         Harm     .   T - +1 cloak "Xoffoxe" {rPois rC+ Str+2}
rCorr    .         Rampage  .   d - +1 pair of gloves of Responsibility {rElec Str+4}
MR       +++..                  a - +0 pair of boots
Stlth    ..........             F - amulet of guardian spirit
HPRegen  1.36/turn              A - +4 ring of protection
MPRegen  0.14/turn              g - +4 ring of slaying

@: about to teleport, grasped by roots, corroded, berserk cooldown, regenerating
(expiring), slowed, constricted, very slow
A: retaliatory headbutt, horns 2
}: 1/15 runes: decaying
a: Berserk, Trog's Hand, Brothers in Arms, Renounce Religion


You were on level 4 of the Swamp.
You worshipped Trog.
Trog was extremely pleased with you.
You visited 4 branches of the dungeon, and saw 25 of its levels.

You collected 3183 gold pieces.
You spent 1267 gold pieces at shops.

Inventory:

Hand Weapons
 G - the +12 falchion "Hydraslayer" {speed, rElec}
   (You found it on level 6 of the Dungeon)

   Attacks with this weapon are significantly faster.
   It insulates you from electricity.
 K - a +4 double sword of electrocution
 Q - a +1 broad axe
 W - the +7 great mace "Undeadhunter" (weapon) {disrupt, rN+}
   (You found it on level 12 of the Dungeon)

   It protects you from negative energy.
 X - the +2 arbalest "Arbiter" {flame, rC++ Int+4 Dex+6}
   (You found it on level 12 of the Dungeon)

   It causes projectiles fired from it to burn those they strike, causing extra
   injury to most foes and up to half again as much damage against particularly
   susceptible opponents.
   It affects your intelligence (+4).
   It affects your dexterity (+6).
   It greatly protects you from cold.
Missiles
 D - 5 bolts
Armour
 a - a +0 pair of boots (worn)
 d - the +1 pair of gloves of Responsibility (worn) {rElec Str+4}
   (You found it on level 7 of the Dungeon)

   It affects your strength (+4).
   It insulates you from electricity.
 i - the +1 pair of gloves "Keoreosu" {MR+}
   (You found it on level 2 of the Lair of Beasts)

   It affects your resistance to hostile enchantments.
 o - a +2 hat (worn)
 r - a +1 scale mail of cold resistance
 z - a +3 plate armour of fire resistance (worn)
 T - the +1 cloak "Xoffoxe" (worn) {rPois rC+ Str+2}
   (You bought it in a shop on level 12 of the Dungeon)

   It affects your strength (+2).
   It protects you from cold.
   It protects you from poison.
 V - a +1 kite shield of reflection
Jewellery
 g - a +4 ring of slaying (right hand)
 h - a +4 ring of protection
 p - an uncursed ring of flight
 x - an uncursed ring of protection from fire
 A - a +4 ring of protection (left hand)
 F - an amulet of guardian spirit (around neck)
 I - an uncursed ring of poison resistance
 O - an uncursed amulet of regeneration {unknown}
 P - an uncursed ring of protection from magic
 Z - an uncursed ring of protection from magic
Wands
 s - a wand of random effects (10)
 v - a wand of iceblast (28)
 y - a wand of disintegration (14)
Scrolls
 e - 9 scrolls of enchant weapon
 f - 12 scrolls of remove curse
 l - 3 scrolls of magic mapping
 n - 10 scrolls of teleportation
 u - 5 scrolls of amnesia {unknown}
 w - 4 scrolls of immolation {unknown}
 C - 6 scrolls of fog
 E - a scroll of acquirement {unknown}
 H - 3 scrolls of enchant armour
 M - 3 scrolls of blinking
 S - a scroll of brand weapon
 U - a scroll of holy word
Potions
 b - 5 potions of stabbing
 c - 9 potions of curing
 j - a potion of heal wounds
 k - 2 potions of mutation
 m - a potion of might
 q - 7 potions of flight
 t - 2 potions of cancellation
 B - 2 potions of magic
 J - 3 potions of ambrosia
 L - 7 potions of lignification
 N - 3 potions of haste
Miscellaneous
 Y - a box of beasts (3/3)


   Skills:
 * Level 18.2 Fighting
 + Level 11.8 Long Blades
 + Level 10.4 Axes
 + Level 14.0 Crossbows
 * Level 18.0 Armour
 + Level 5.1 Dodging
 + Level 1.6 Stealth
 + Level 10.4 Shields


You had 15 spell levels left.
You didn't know any spells.
Your spell library was empty.

Dungeon Overview and Level Annotations

Branches:
Dungeon (13/15)            Temple (0/1) D:4            Lair (6/6) D:10
  Swamp (4/4) Lair:2        Snake (0/4) Lair:4        Slime (0/5) Lair:5
    Orc (2/2) D:10            Elf (0/3) Orc:2
 Vaults: D:13-14

Altars:
Cheibriados
Dithmenos
Fedhas
Gozag
Kikubaaqudgha
Qazlal
Ru
Trog
Vehumet
Wu Jian
Xom
Zin
Beogh

Shops:
D:4 *   D:10 *   D:12 [   Orc:1 }   Orc:2 ?:[:

Portals:
Abyss: D:3

Annotations:
D:12 2 transporters, Sobieck's ghost, journeyman GrBe
Swamp:4 exclusion: 3 oklob plants


Innate Abilities, Weirdness & Mutations

You reflexively headbutt those who attack you in melee.
You have a pair of horns on your head.


Message History

The swamp dragon tramples you but does no damage.
The grasping roots constrict you. The oklob plant spits acid at you.
The splash of acid hits you but does no damage.
The acid corrodes you!
You are splashed with acid!
* * * LOW HITPOINT WARNING * * *
As you read the scroll of teleportation, it crumbles to dust.
You feel strangely unstable. The thorn hunter hits you!
* * * LOW HITPOINT WARNING * * *
The thorn hunter hits you but does no damage.
The swamp dragon bites you but does no damage.
The swamp dragon barely misses you. The swamp dragon tramples you.
* * * LOW HITPOINT WARNING * * *
You hold your ground!
* * * LOW HITPOINT WARNING * * *
The grasping roots constrict you!! The shambling mangrove hits you.
* * * LOW HITPOINT WARNING * * *
The thorn hunter hits you but does no damage.
The thorn hunter hits you.
You die...

♣≈.≈≈..♣.≈≈≈≈≈≈†≈§≈..≈≈≈≈≈≈.≈≈≈
♣♣♣♣♣♣♣♣≈≈≈≈≈≈≈≈≈≈≈≈≈≈≈≈≈≈.≈≈.≈
♣♣.§≈≈≈≈≈≈≈≈≈≈≈≈≈≈≈≈≈..♣
♣♣.≈≈.≈≈..≈≈≈≈≈♣.≈≈≈.♣≈
♣♣.≈..≈.≈≈≈≈≈♣♣♣≈≈≈≈..
♣.≈.##.≈≈≈≈≈≈♣♣♣♣♣♣..
♣#######♣≈≈≈≈♣ ♣.. ### ##≈.≈♣
♣♣. ###@### ##♣♣♣♣♣♣♣♣♣
#.ffDi.####...≈.≈≈≈.
#P.§.i.....##≈.≈≈.≈≈..
#)P≈.P.....##.......≈.
#♣≈.≈_.f≈.♣##.♣≈≈♣♣♣♣♣
P.♣.P.....##.♣♣♣♣♣♣♣.
##...≈§.≈.###♣♣♣♣.≈♣≈≈
#....♣..## #♣♣♣....≈≈ ♣.....#
#.♣♣≈≈≈.≈≈≈


You could see a thorn hunter, 2 shambling mangroves, a swamp dragon, 3 oklob
plants and 2 spriggan druids.

Vanquished Creatures
  Bai Suzhen (Swamp:3)
  Jorgrun (Orc:1)
  3 thorn hunters
  Donald (Swamp:4)
  A hydra skeleton (Swamp:4)
  The ghost of Qeimiotua the Blocker, a journeyman MiFi of Okawaru (Lair:5)
  An ettin (Orc:2)
  A fire dragon (Lair:6)
  4 ogre magi (Orc:2)
  19 hydras
  Erolcha (D:10)
  Harold (D:8)
  A centaur warrior (D:12)
  12 alligators
  3 ghost crabs
  4 two-headed ogres
  2 shambling mangroves
  9 death yaks
  A tengu warrior (D:12)
  Sonja (Lair:5)
  A spriggan (Swamp:1)
  2 spectral death yaks (Lair:5)
  A spriggan druid (Swamp:3)
  2 unseen horrors (D:12)
  A lindwurm (Lair:6)
  Pikel (D:8)
  6 swamp dragons
  A spectral hydra (Swamp:4)
  A deep elf mage (D:12)
  6 orc sorcerers (Orc:2)
  2 wolf spider zombies (D:12)
  An ugly thing (D:12)
  5 oklob plants (Lair:6)
  2 cyclopes (D:12)
  2 manticores
  8 elephants
  7 black mambas
  Maurice (D:8)
  Joseph (D:7)
  A centaur skeleton (D:10)
  19 cane toads
  2 rime drakes
  2 freezing wraiths (Swamp:4)
  11 komodo dragons
  An ancient zyme (D:3)
  2 death drake zombies (Swamp:4)
  A hydra zombie (Swamp:4)
  5 trolls
  16 polar bears
  10 tyrant leeches
  3 hornets
  3 raiju (Lair:6)
  A spectral dream sheep (Lair:5)
  24 slime creatures
  A death drake skeleton (Swamp:4)
  24 blink frogs
  4 bog bodies
  6 shadows
  2 centaur simulacra (D:12)
  A vampire (D:12)
  3 wyverns
  2 basilisks (Lair:6)
  54 yaks
  Grum (D:8)
  17 vampire mosquitoes
  3 steam dragons (Lair:6)
  5 wargs
  14 swamp worms
  9 insubstantial wisps
  Edmund (D:4)
  A small abomination (D:3)
  4 acid dragons
  12 water moccasins
  14 hell hounds (Lair:6)
  2 hydra simulacra (Swamp:4)
  A spectral torpor snail (Lair:5)
  7 orc warriors
  13 swamp drakes
  6 ice beasts
  14 black bears
  A hornet zombie (D:10)
  3 sky beasts
  An eye of draining (D:8)
  2 phantoms (D:8)
  A swamp dragon zombie (Swamp:4)
  20 ogres
  2 necrophages
  15 wolves
  The ghost of ArthosElwyn the Slasher, an amateur HuMo (D:3)
  A swamp dragon skeleton (Swamp:4)
  11 centaurs
  2 big kobolds
  25 bullfrogs
  A wyvern zombie (D:8)
  4 scorpions
  18 wights
  2 howler monkeys (D:8)
  An electric eel (Lair:2)
  A centaur zombie (D:7)
  A fire crab simulacrum (Lair:5)
  4 hounds
  A quasit (D:12)
  2 bullfrog zombies
  8 jellies
  4 orc priests
  2 bullfrog skeletons
  19 orc wizards
  5 iguanas
  Ijyb (D:5)
  Terence (D:2)
  Natasha (thrice) (D:2)
  11 worker ants
  10 hell rats
  A killer bee zombie (D:10)
  A hound zombie (D:6)
  3 hound skeletons
  A howler monkey zombie (D:8)
  Robin (D:2)
  10 adders
  2 howler monkey skeletons
  5 shadow imps
  3 white imps
  An adder zombie (D:8)
  2 adder skeletons (D:4)
  4 worms
  2 dart slugs (D:1)
  7 leopard geckos
  35 orcs
  5 ball pythons
  7 bats
  7 giant cockroaches
  8 hobgoblins
  11 jackals
  A quokka (D:7)
  7 frilled lizards
  12 goblins
  13 kobolds
  8 rats
782 creatures vanquished.

Vanquished Creatures (collateral kills)
  2 vampire knights (Swamp:4)
  A catoblepas (Lair:6)
  2 swamp dragons
  A spectral hydra (Swamp:4)
  A komodo dragon (Lair:1)
  A freezing wraith (Swamp:4)
  2 polar bears (Lair:1)
  A hydra zombie (Swamp:4)
  A death drake zombie (Swamp:4)
  A death drake skeleton (Swamp:4)
  A hydra simulacrum (Swamp:4)
  A swamp drake (Swamp:4)
  A worker ant (D:7)
16 creatures vanquished.

Vanquished Creatures (others)
  A hornet (Swamp:2)
  A slime creature (Swamp:3)
  A basilisk (Lair:6)
  2 orc wizards (Orc:2)
  A bush (Lair:4)
  32 fungi
  96 plants
  7 toadstools (Swamp:2)
141 creatures vanquished.

Grand Total: 939 creatures vanquished

Notes
Turn   | Place    | Note
-------+----------+-------------------------------------------
     0 | D:1      | robertstho the Minotaur Berserker began the quest for the
                  | Orb.
     0 | D:1      | Reached XP level 1. HP: 19/19 MP: 0/0
   146 | D:1      | Reached XP level 2. HP: 20/27 MP: 1/1
  1117 | D:2      | Reached XP level 3. HP: 33/33 MP: 2/2
  1120 | D:2      | Found a blossoming altar of Fedhas.
  1146 | D:2      | Reached ** piety under Trog
  1198 | D:2      | Found a snail-covered altar of Cheibriados.
  1198 | D:2      | Found an opulent altar of Gozag.
  1241 | D:2      | Found a stormy altar of Qazlal.
  1246 | D:2      | Noticed Natasha
  1252 | D:2      | Killed Natasha
  1352 | D:2      | Reached XP level 4. HP: 39/41 MP: 3/3
  1378 | D:2      | Noticed Terence
  1383 | D:2      | Killed Terence
  1474 | D:2      | Noticed Robin
  1483 | D:2      | Reached skill level 5 in Axes
  1484 | D:2      | Killed Robin
  1734 | D:2      | Noticed Natasha
  1740 | D:2      | Killed Natasha
  1740 | D:2      | Reached XP level 5. HP: 47/47 MP: 4/4
  1843 | D:2      | Noticed Natasha
  1849 | D:2      | Killed Natasha
  2135 | D:3      | Found a one-way gate to the infinite horrors of the Abyss.
  2135 | D:3      | Noticed ArthosElwyn's ghost (amateur HuMo)
  2136 | D:3      | Noticed a small abomination
  2274 | D:3      | Found a sacrificial altar of Ru.
  2351 | D:3      | Found a faded altar of an unknown god.
  2433 | D:3      | Found a transporter.
  2448 | D:3      | Found a transporter.
  2478 | D:3      | Found a stormy altar of Qazlal.
  2536 | D:3      | Reached skill level 5 in Fighting
  2641 | D:3      | Noticed an ancient zyme
  2975 | D:4      | Noticed an ogre
  2982 | D:4      | Killed an ogre
  2982 | D:4      | Reached XP level 6. HP: 35/56 MP: 5/5
  3220 | D:4      | Noticed Edmund
  3227 | D:4      | Reached *** piety under Trog
  3234 | D:4      | Killed Edmund
  3478 | D:4      | Reached XP level 7. HP: 57/61 MP: 6/6
  3682 | D:4      | Found a staircase to the Ecumenical Temple.
  4106 | D:4      | Found an ornate altar of the Wu Jian Council.
  4233 | D:4      | Found Niatih's Serpentskin Sales.
  4377 | D:5      | Entered Level 5 of the Dungeon
  4380 | D:5      | Noticed Ijyb
  4390 | D:5      | Killed Ijyb
  4591 | D:5      | Reached XP level 8. HP: 71/71 MP: 7/7
  4674 | D:5      | Reached skill level 5 in Armour
  5533 | D:6      | Found a shadowy altar of Dithmenos.
  5576 | D:6      | Reached **** piety under Trog
  5607 | D:6      | Reached skill level 10 in Axes
  5694 | D:6      | Got a translucent falchion
  5694 | D:6      | Identified the +12 falchion "Hydraslayer" {speed, rElec}
                  | (You found it on level 6 of the Dungeon)
  6006 | D:7      | Reached skill level 1 in Long Blades
  6015 | D:7      | Reached XP level 9. HP: 60/78 MP: 3/8
  6037 | D:7      | Reached skill level 1 in Shields
  6043 | D:7      | Got a pair of polished gloves
  6048 | D:7      | Identified the +1 pair of gloves of Responsibility {rElec
                  | Str+4} (You found it on level 7 of the Dungeon)
  6339 | D:7      | Noticed Joseph
  6346 | D:7      | Found a shadowy altar of Dithmenos.
  6354 | D:7      | Killed Joseph
  6676 | D:8      | Noticed Harold
  6686 | D:8      | Killed Harold
  6698 | D:8      | Noticed Grum
  6701 | D:8      | Noticed Maurice
  6702 | D:8      | Paralysed by Maurice for 7 turns
  6712 | D:8      | Paralysed by something for 5 turns
  6999 | D:8      | Noticed Pikel
  7010 | D:8      | Killed Pikel
  7010 | D:8      | Reached XP level 10. HP: 88/89 MP: 9/9
  7017 | D:8      | Reached skill level 5 in Long Blades
  7044 | D:8      | Reached skill level 5 in Shields
  7054 | D:8      | Killed Maurice
  7462 | D:8      | Reached skill level 10 in Armour
  7585 | D:8      | Killed Grum
  7792 | D:9      | Found a bloodstained altar of Trog.
  8020 | D:9      | Found a bloodstained altar of Trog.
  8631 | D:10     | Entered Level 10 of the Dungeon
  8631 | D:10     | Found Picutt Diso's Assorted Antiques.
  8646 | D:10     | Bought a scroll labeled TOYKEI ETOADE for 34 gold pieces
  8646 | D:10     | Bought a scroll of identify for 68 gold pieces
  8646 | D:10     | Bought a scroll labeled JESTOU ETULUO for 34 gold pieces
  8646 | D:10     | Bought a scroll labeled TAPUZU CESIET for 34 gold pieces
  8657 | D:10     | Found a staircase to the Orcish Mines.
  8657 | D:10     | Noticed Erolcha
  8666 | D:10     | Killed Erolcha
  8667 | D:10     | Reached XP level 11. HP: 98/98 MP: 10/10
  8694 | D:10     | Reached ***** piety under Trog
  8699 | D:10     | Reached skill level 10 in Fighting
  9024 | D:10     | Noticed a two-headed ogre
  9031 | D:10     | Killed a two-headed ogre
  9288 | D:10     | Found a staircase to the Lair.
  9778 | D:11     | You fall into a shaft and drop 2 floors!
  9779 | D:13     | Noticed a deep elf mage
  9936 | D:12     | Killed an unseen horror
  9972 | D:12     | Noticed an eight-headed hydra
  9974 | D:12     | Noticed a tengu warrior
  9989 | D:12     | Killed a nine-headed hydra
 10012 | D:12     | Killed a tengu warrior
 10196 | D:12     | Noticed a centaur warrior
 10207 | D:12     | Reached XP level 12. HP: 71/109 MP: 11/11
 10219 | D:12     | Killed a centaur warrior
 10255 | D:12     | Noticed a two-headed ogre
 10265 | D:12     | Killed a two-headed ogre
 10270 | D:12     | Received a gift from Trog
 10270 | D:12     | Reached skill level 10 in Long Blades
 10679 | D:12     | Noticed Sobieck's ghost (journeyman GrBe)
 10688 | D:12     | Reached skill level 10 in Shields
 10691 | D:12     | Noticed an ettin
 10753 | D:12     | Found the +7 great mace "Undeadhunter" {disrupt, rN+}
 10772 | D:12     | Got a slimy arbalest
 10885 | D:12     | Identified the cursed +2 arbalest "Arbiter" {flame, rC++
                  | Int+4 Dex+6} (You found it on level 12 of the Dungeon)
 11041 | D:12     | Found a transporter.
 11044 | D:12     | Found a transporter.
 11248 | D:12     | Found Silyosi's Antique Armour Shop.
 11256 | D:12     | Bought a twisted cloak for 342 gold pieces
 11266 | D:12     | Identified the +1 cloak "Xoffoxe" {rPois rC+ Str+2} (You
                  | bought it in a shop on level 12 of the Dungeon)
 11589 | Lair:1   | Entered Level 1 of the Lair of Beasts
 11600 | Lair:1   | Noticed a seven-headed hydra
 11609 | Lair:1   | Killed a seven-headed hydra
 11863 | Lair:1   | Noticed a four-headed hydra
 11870 | Lair:1   | Killed a four-headed hydra
 12056 | Lair:1   | Noticed an eight-headed hydra
 12068 | Lair:1   | Killed an eight-headed hydra
 12149 | Lair:1   | Reached XP level 13. HP: 31/119 MP: 6/12
 12153 | Lair:1   | Found a glowing silver altar of Zin.
 12778 | D:3      | Killed ArthosElwyn's ghost
 13906 | Lair:2   | Found a staircase to the Swamp.
 13975 | Lair:2   | Got a pair of heavily runed gloves
 13985 | Lair:2   | Identified the +1 pair of gloves "Keoreosu" {MR+} (You
                  | found it on level 2 of the Lair of Beasts)
 14322 | Lair:2   | Reached skill level 1 in Stealth
 14954 | Lair:3   | Reached skill level 1 in Crossbows
 15066 | Lair:3   | Got a warped amethyst amulet
 15362 | Lair:3   | Got a fine chain mail
 15573 | Lair:4   | Reached ****** piety under Trog
 15923 | Lair:4   | Reached skill level 5 in Crossbows
 16456 | Lair:4   | Reached skill level 15 in Armour
 16532 | Lair:4   | Found a staircase to the Snake Pit.
 17261 | Lair:5   | Reached XP level 14. HP: 123/133 MP: 11/13
 17733 | Lair:5   | Found a runed translucent gate.
 17733 | Lair:5   | Found a runed translucent gate.
 17733 | Lair:5   | Found a runed translucent gate.
 17741 | Lair:5   | Noticed Qeimiotua's ghost (journeyman MiFi)
 17902 | Lair:5   | Noticed Sonja
 17911 | Lair:5   | Killed Sonja
 18161 | Lair:5   | Found a staircase to the Slime Pits.
 18423 | Lair:5   | Identified the +1 chain mail "Edghef" {Harm rC+ MR+ Int-4
                  | Dex+3} (You found it on level 3 of the Lair of Beasts)
 18442 | Lair:5   | Killed Qeimiotua's ghost
 18454 | Lair:5   | Reached skill level 15 in Fighting
 18702 | Lair:5   | Identified the amulet "Hicra" {Inacc Dex+5} (You found it
                  | on level 3 of the Lair of Beasts)
 18732 | Lair:6   | Entered Level 6 of the Lair of Beasts
 19087 | Lair:6   | Received a gift from Trog
 20128 | Lair:6   | Reached skill level 10 in Crossbows
 20805 | Lair:6   | Reached XP level 15. HP: 143/143 MP: 14/14
 21334 | Orc:1    | Entered Level 1 of the Orcish Mines
 21334 | Orc:1    | Noticed Jorgrun
 21344 | Orc:1    | Killed Jorgrun
 21650 | Orc:1    | Found Vuthit's Gadget Boutique.
 21669 | Orc:1    | Found a roughly hewn altar of Beogh.
 21880 | Orc:2    | Entered Level 2 of the Orcish Mines
 22027 | Orc:2    | Found a staircase to the Elven Halls.
 22102 | Orc:2    | Found a roughly hewn altar of Beogh.
 22107 | Orc:2    | Received a gift from Trog
 22156 | Orc:2    | Found Vinlyusa's Book Emporium.
 22197 | Orc:2    | Paralysed by an orc sorcerer for 2 turns
 22228 | Orc:2    | Found an ancient bone altar of Kikubaaqudgha.
 22252 | Orc:2    | Found Zunynaez's Book Shoppe.
 22291 | Orc:2    | Found a radiant altar of Vehumet.
 22381 | Orc:2    | Found a roughly hewn altar of Beogh.
 22381 | Orc:2    | Found Veudichurr's Antique Armour Shoppe.
 22383 | Orc:2    | Found Izaps's Magic Scroll Emporium.
 22395 | Orc:2    | Bought a scroll of teleportation for 42 gold pieces
 22395 | Orc:2    | Bought a scroll of fog for 28 gold pieces
 22395 | Orc:2    | Bought a scroll of identify for 28 gold pieces
 22395 | Orc:2    | Bought a scroll of identify for 28 gold pieces
 22395 | Orc:2    | Bought a scroll of identify for 28 gold pieces
 22395 | Orc:2    | Bought a scroll of identify for 28 gold pieces
 22395 | Orc:2    | Bought a scroll of enchant armour for 105 gold pieces
 22483 | Orc:2    | Received a gift from Trog
 23130 | Orc:2    | Bought a shiny plate armour for 468 gold pieces
 23302 | Swamp:1  | Entered Level 1 of the Swamp
 23455 | Swamp:1  | Noticed a thorn hunter
 23462 | Swamp:1  | Killed a thorn hunter
 23462 | Swamp:1  | Reached skill level 5 in Dodging
 24512 | Swamp:2  | Noticed a thorn hunter
 24517 | Swamp:2  | Killed a thorn hunter
 25060 | Swamp:3  | Received a gift from Trog
 25240 | Swamp:3  | Noticed Bai Suzhen
 25259 | Swamp:3  | Killed Bai Suzhen
 25259 | Swamp:3  | Reached XP level 16. HP: 100/155 MP: 8/15
 26180 | Swamp:3  | Received a gift from Trog
 26182 | Swamp:3  | Noticed a thorn hunter
 26189 | Swamp:3  | Killed a thorn hunter
 26697 | Swamp:4  | Entered Level 4 of the Swamp
 27070 | Swamp:4  | Noticed Donald
 27079 | Swamp:4  | Killed Donald
 27450 | Swamp:4  | Found a shimmering altar of Xom.
 27928 | Swamp:4  | Received a gift from Trog
 27941 | Swamp:4  | Noticed a thorn hunter
 27949 | Swamp:4  | Found a blossoming altar of Fedhas.
 27949 | Swamp:4  | Noticed a thorn hunter
 27952 | Swamp:4  | Got a decaying rune of Zot
 27954 | Swamp:4  | HP: 3/157 [shambling mangrove (19)]
 27954 | Swamp:4  | HP: 1/157 [shambling mangrove (2)]
 27954 | Swamp:4  | Slain by a thorn hunter

Illustrated notes

Levels and vault maps discovered:
D:1:      minmay_arrival_up_and_down, layout_basic, hex_large, minivault_24,
          minmay_tromino_v7
D:2:      layout_basic, lemuel_crystal_altar, gammafunk_temple_overflow_wave,
          fedhas_altar_1, uniq_natasha, uniq_terence, uniq_robin
D:3:      layout_loops_corners, lemuel_crystal_altar,
          nicolae_overflow_hidden_temple, chequers_ecumenical_altar_simple,
          gammafunk_ghost_abyssal_escape, nicolae_qazlal_eye_of_the_storm
D:4:      layout_gridville, kennysheep_little_box, minmay_temple_entry_trees,
          guppyfry_shop_venom, uniq_edmund
D:5:      layout_gridville, kennysheep_small_spiral, kennysheep_generic_room_4,
          uniq_ijyb
D:6:      layout_rooms, basic_altar
D:7:      layout_rooms, overflow_temple_1_default, uniq_joseph
D:8:      layout_gridville, minmay_diced_spiral, uniq_pikel, uniq_maurice,
          uniq_grum, uniq_harold
D:9:      layout_loops_corners, overflow_temple_1_default, bloody_trog
D:10:     layout_roguey, grunt_lair_entry_orc_guard_hut, orc_0_dummy,
          serial_shops, shop_coins, uniq_erolcha
D:11:     layout_gridville, gauntlet_entry_generic, kennysheep_big_empty_room,
          zaba_anthell, uniq_gastronok
D:12:     minmay_the_grid_triangle_9x9_recursive_2_mashed
          [minmay_the_grid_triangle_9x9_prize_top_heavy,
          minmay_the_grid_triangle_9x9_alien,
          minmay_the_grid_triangle_9x9_cache,
          minmay_the_grid_triangle_9x9_steps], layout_long_grid,
          gammafunk_ghost_arena, serial_shops, shop, kennysheep_generic_room_15
D:13:     nzn_motion_control, layout_cave_pools, uniq_rupert
Lair:1:   layout_cave_pods, basic_altar, cheibrodos_lair_lostbears
Lair:2:   layout_misc_corridors, swamp_mist_pool
Lair:3:   layout_misc_corridors
Lair:4:   layout_roguey, dummy_snake_entry
Lair:5:   layout_regular_city, minmay_slime_entry_pillars,
          gammafunk_ghost_necromancy, lemuel_fruit_fields, uniq_sonja
Lair:6:   guppyfry_lair_end_dragon, layout_concentric_octagons,
          hangedman_lair_caniforms_friends, lemuel_fruit_fields,
          minmay_lair_oklob_chamber, grunt_megastairs_1
Swamp:1:  layout_falls_marsh, serial_swamp_ruin, evilmike_swamp_ruin_rubble_2,
          evilmike_swamp_ruin_house_6
Swamp:2:  cheibrodos_swamp_tower_of_moss, layout_basic_swamp,
          evilmike_swamp_ruin_rubble_1
Swamp:3:  layout_falls_marsh, infiniplex_staircase_pool, swamp_pool3,
          hangedman_swamp_cone, uniq_bai_suzhen
Swamp:4:  byrel_swamp_growth_death_and_undeath, layout_basic_swamp,
          nicolae_swamp_godswood, uniq_donald
Orc:1:    layout_caves, serial_shops, nicolae_shop_window_shopping, basic_altar,
          uniq_jorgrun
Orc:2:    kennysheep_orc_mage_school, layout_caves, lemuel_statue_altar

Skill      XL: |  1  2  3  4  5  6  7  8  9 10 11 12 13 14 15 16 |
---------------+-------------------------------------------------+-----
Fighting       | 4 5 6 7 8 9 11 12 14 15 17 18 | 18.2
Axes           | 4 5 6 7 8 10 | 10.4
Dodging        | 3 4 5 |  5.1
Armour         | 3 4 6 9 10 11 13 15 16 17 18 | 18.0
Long Blades    | 1 4 7 9 11 | 11.8
Shields        | 4 6 9 10 | 10.4
Stealth        | 1 |  1.6
Crossbows      | 6 10 13 14 | 14.0

Action                   |  1- 3 |  4- 6 |  7- 9 | 10-12 | 13-15 | 16-18 || total
-------------------------+-------+-------+-------+-------+-------+-------++-------
Melee: Hand axe          |    76 |   106 |    91 |       |       |       ||   273
       Headbutt          |     7 |    19 |    44 |   121 |    15 |    43 ||   249
       War axe           |       |       |    33 |       |       |       ||    33
       Falchion          |       |       |    90 |   403 |       |       ||   493
       Whip              |       |       |       |    14 |       |       ||    14
       Great mace        |       |       |       |   100 |    63 |    72 ||   235
       Arbalest          |       |       |       |     1 |       |       ||     1
       Double sword      |       |       |       |       |    12 |   125 ||   137
 Fire: Arbalest          |       |       |       |       |   901 |    52 ||   953
Invok: Berserk           |       |     2 |     3 |     6 |     3 |     4 ||    18
       Trog's Hand       |       |       |     1 |     1 |       |     2 ||     4
       Brothers in Arms  |       |       |     1 |     1 |     2 |     2 ||     6
  Use: Scroll            |       |     2 |     3 |    11 |    11 |     5 ||    32
       Potion            |       |       |       |     1 |     1 |     3 ||     5
 Stab: Sleeping          |     1 |       |       |       |       |       ||     1
Armor: Animal skin       |    19 |     4 |       |       |       |       ||    23
       Chain mail        |       |    16 |       |       |       |       ||    16
       Plate armour      |       |    25 |   119 |   356 |   718 |   362 ||  1580
Dodge: Dodged            |    62 |    60 |    50 |   175 |   515 |   213 ||  1075
Block: Tower shield      |       |       |    91 |   302 |       |       ||   393
       Kite shield       |       |       |       |    60 |       |       ||    60
       Reflection        |       |       |       |    11 |       |       ||    11
       Rpst.: Falchion   |       |       |     2 |    15 |       |       ||    17
       Double sword      |       |       |       |       |     2 |    15 ||    17

Table legend: (Time is in decaauts)
 A = Elapsed time spent in this place.
 B = Non-inter-level travel time spent in this place.
 C = Inter-level travel time spent in this place.
 D = Time resting spent in this place.
 E = Time spent auto-exploring this place.
 F = Levels seen in this place.
 G = Mean time per level.
                   A        B        C        D        E       F      G
               +--------+--------+--------+--------+--------+-----+--------+
         Total |  28700 |  27033 |   1667 |   1592 |  20557 |  25 | 1148.0 |
       Dungeon |  12633 |  11649 |    984 |    571 |   9275 |  13 |  971.8 |
          Lair |   9364 |   8967 |    397 |    836 |   6322 |   6 | 1560.7 |
         Swamp |   4984 |   4927 |     57 |    184 |   3781 |   4 | 1246.0 |
  Orcish Mines |   1717 |   1490 |    227 |      0 |   1179 |   2 |  858.5 |
               +--------+--------+--------+--------+--------+-----+--------+

Top non-repeatable levels by time:
  Lair:6: 2662 daAuts
 Swamp:3: 1751 daAuts
  Lair:4: 1746 daAuts
    D:12: 1740 daAuts
  Lair:5: 1573 daAuts
  Lair:1: 1544 daAuts
     D:4: 1526 daAuts
 Swamp:4: 1345 daAuts
     D:1: 1248 daAuts
   Orc:2: 1246 daAuts
     D:3: 1237 daAuts
    D:10: 1200 daAuts
 Swamp:1: 1141 daAuts
     D:5: 1118 daAuts
     D:2: 969 daAuts
